 Dungeon Crawl Stone Soup version 0.22-a0-537-ge9e9f76342 (webtiles) character file.

267 Kaname the Conjurer (level 6, 32/41 HPs)
             Began as a Demonspawn Wizard on June 23, 2018.
             Quit the game on level 3 of the Dungeon.
             The game lasted 00:04:15 (1983 turns).

Kaname the Conjurer (Demonspawn Wizard)             Turns: 1983, Time: 00:04:15

Health: 32/41      AC:  4    Str:  8    XL:     6   Next: 0%
Magic:  3/10       EV: 12    Int: 21    God:
Gold:   98         SH:  0    Dex: 11    Spells: 5/11 levels left

rFire    . . .     SeeInvis .   l - +2 whip (flame)
rCold    . . .     Gourm    .   (no shield)
rNeg     . . .     Faith    .   a - +0 robe
rPois    .         Spirit   .   (helmet restricted)
rElec    .         Reflect  .   (no cloak)
rCorr    .         Harm     .   (no gloves)
MR       .....                  (no boots)
Stlth    +.........             (no amulet)
HPRegen  0.13/turn              m - ring of loudness (curse)
MPRegen  0.12/turn              (no ring)

@: no status effects
A: antennae 1, icy blue scales 1, spiny 1
a: no special abilities


You were on level 3 of the Dungeon.
You were not hungry.

You visited 1 branch of the dungeon, and saw 3 of its levels.

You collected 98 gold pieces.

Inventory:

Hand Weapons
 l - a +2 whip of flaming (weapon)
 u - a +1 dagger of speed
Armour
 a - a +0 robe (worn)
Jewellery
 m - a cursed ring of loudness (left hand)
 r - an uncursed ring of stealth {unknown}
Scrolls
 c - 2 scrolls of identify {unknown}
 f - 2 scrolls of teleportation {unknown}
 g - 4 scrolls of magic mapping {unknown}
 h - a scroll of enchant weapon {unknown}
 n - a scroll of fog {unknown}
 o - a scroll of remove curse {unknown}
 p - a scroll of enchant armour {unknown}
 s - 2 scrolls of fear {unknown}
 t - a scroll of amnesia {unknown}
Potions
 b - a potion of lignification {unknown}
 e - 2 potions of might {unknown}
 i - a potion of cancellation {unknown}
 j - a potion of curing {unknown}
 k - 3 potions of mutation {unknown}
 q - a potion of resistance {unknown}
Comestibles
 d - 4 rations
 v - a chunk of flesh


   Skills:
 - Level 1.7 Dodging
 - Level 1.7 Stealth
 + Level 3.0 Spellcasting
 - Level 6.0 Conjurations
   Level 1.0 Summonings
 - Level 0.8 Translocations


You had 5 spell levels left.
You knew the following spells:

 Your Spells              Type           Power        Failure   Level  Hunger
a - Magic Dart            Conj           ####         1%          1    None
b - Blink                 Tloc           N/A          14%         2    ##.....
c - Mephitic Cloud        Conj/Pois/Air  ##......     17%         3    ###....

Your spell library contained the following spells:

 Spells                   Type           Power        Failure   Level  Hunger
 Conjure Flame            Conj/Fire      ###.....     12%         3    ###....
 Slow                     Hex            #.......     21%         2    ##.....
 Call Imp                 Summ           #.......     13%         2    ##.....


Dungeon Overview and Level Annotations

Branches:
Dungeon (3/15)

Altars:
Yredelemnul


Innate Abilities, Weirdness & Mutations

You have a pair of small antennae on your head.
You are partially covered in icy blue scales. (AC +2)
You are partially covered in sharp spines.


Message History

Confirm with . or Enter, or press ? or * to list all spells.
Aiming: Magic Dart (safe; 1% risk of failure)
Press: ? - help, Shift-Dir - straight line, f - adder
Aim: an adder (hasn't noticed you)
The magic dart hits the adder.
The adder is moderately wounded.
The adder hisses angrily.
Casting: Magic Dart (safe; 1% risk of failure)
Confirm with . or Enter, or press ? or * to list all spells.
Aiming: Magic Dart (safe; 1% risk of failure)
Press: ? - help, Shift-Dir - straight line, f/p - adder
Aim: an adder (moderately wounded)
The magic dart hits the adder.
You kill the adder!
You have reached level 6!
Your experience leads to an increase in your attributes!
Increase (S)trength, (I)ntelligence, or (D)exterity?
You feel clever.
Your demonic ancestry asserts itself...
Icy blue scales grow over part of your body.
Are you sure you want to abandon this character and quit the game? (Confirm with "yes".)

#..##.#..#.# .....
#....... # #...# .#
.##....... .. #...#
.#..##...##..
##.###...##.#..##...##..
...r.#...##.#...........
................#...##..
.............>...... #..
.....?.@....#.#.##..##..
.#.#.#..#...#.#.........
.....................
#..l...#.....#..#.###[.
........#...............
........#.....#........#
........#.#+#.#..###...#
##.#...)#.# #.#..###...#
.#.#.#.#..#.....#


You could see a leopard gecko and a rat.

Vanquished Creatures
  Sigmund (D:2)
  Robin (D:2)
  3 adders (D:3)
  An ooze (D:2)
  2 worms (D:3)
  2 dart slugs (D:1)
  2 leopard geckos
  An orc (D:3)
  4 giant cockroaches
  9 goblins
  8 hobgoblins
  4 jackals (D:1)
  3 kobolds
  2 bats
  6 frilled lizards
  2 rats
51 creatures vanquished.

Notes
Turn   | Place    | Note
-------+----------+-------------------------------------------
     0 | D:1      | Kaname the Demonspawn Wizard began the quest for the Orb.
     0 | D:1      | Reached XP level 1. HP: 13/13 MP: 4/4
   182 | D:1      | Reached skill level 2 in Conjurations
   223 | D:1      | Gained mutation: You are partially covered in sharp spines. [demonic ancestry]
   223 | D:1      | Reached XP level 2. HP: 17/19 MP: 1/6
   838 | D:2      | Reached skill level 3 in Conjurations
   842 | D:2      | Reached XP level 3. HP: 15/24 MP: 7/7
   846 | D:2      | Learned a level 2 spell: Blink
   850 | D:2      | Learned a level 3 spell: Mephitic Cloud
   908 | D:2      | Found a basalt altar of Yredelemnul.
   996 | D:2      | Noticed Robin
  1018 | D:2      | Killed Robin
  1430 | D:2      | Noticed Sigmund
  1448 | D:2      | Killed Sigmund
  1448 | D:2      | Reached skill level 5 in Conjurations
  1448 | D:2      | Gained mutation: You have a pair of small antennae on your head. [demonic ancestry]
  1448 | D:2      | Reached XP level 4. HP: 18/30 MP: 2/8
  1448 | D:2      | Reached XP level 5. HP: 21/35 MP: 2/9
  1976 | D:3      | Reached skill level 6 in Conjurations
  1982 | D:3      | Gained mutation: You are partially covered in icy blue scales. (AC +2) [demonic ancestry]
  1982 | D:3      | Reached XP level 6. HP: 32/41 MP: 2/10
  1983 | D:3      | Quit the game

Vault maps used:
D:1:      sevenhm_arrival_forest_fort_small_4, minmay_lizard_pond
D:2:      yredelemnul_altar_generic, uniq_robin, uniq_sigmund

Skill      XL: |  1  2  3  4  5 |
---------------+----------------+-----
Conjurations   | 2 3 5 6 |  6.0
Dodging        | |  1.7
Stealth        | |  1.7
Spellcasting   | |  3.0
Summonings     | |  1.0
Translocations | |  0.8

Action                   |  1- 3 |  4- 6 || total
-------------------------+-------+-------++-------
Melee: Unarmed           |    37 |       ||    37
       Whip              |    30 |     9 ||    39
 Cast: Magic Dart        |    47 |    16 ||    63
       Mephitic Cloud    |     1 |       ||     1
  Eat: Chunk             |     1 |     2 ||     3
Armor: Robe              |    14 |     2 ||    16
Dodge: Dodged            |    46 |     4 ||    50

Table legend:
 A = Spawn XP
 B = Non-spawn XP
 C = Spawn XP percentage of total XP
 D = Spawn monster count
 E = Non-spawn monster count
 F = Spawn count percentage of total count
 G = Total turns spent on level
                    A         B        C        D         E        F      G
               +---------+---------+-------+---------+---------+-------+---------
         Total |       0 |     382 |   0.0 |       0 |      51 |   0.0 |  1983
               +---------+---------+-------+---------+---------+-------+---------
           D:1 |       0 |      36 |   0.0 |       0 |      19 |   0.0 |   825
           D:2 |       0 |     284 |   0.0 |       0 |      22 |   0.0 |   966
           D:3 |       0 |      62 |   0.0 |       0 |      10 |   0.0 |   192
               +---------+---------+-------+---------+---------+-------+---------
